 Dungeon Sprint DCSS version 0.31-a0-846-gb3bcc0d938 (webtiles) character file.

Game seed: 15855840267293275382

495 sircluck the Grappler (level 6, -8/72 HPs)
             Began as a Troll Berserker on Oct 3, 2023.
             Was a Priest of Trog.
             Killed from afar by an oklob plant (20 damage)
             ... with a splash of acid
             ... in the Dungeon (Sprint IV: "Fedhas' Mad Dash").
             The game lasted 00:00:41 (167 turns).

sircluck the Grappler (Troll Berserker)              Turns: 167, Time: 00:00:42

Health: -8/72      AC:  0    Str: 28    XL:     6   Next: 92%
Magic:  5/5        EV: 11    Int:  3    God:    Trog [***...]
Gold:   96         SH:  0    Dex:  9    Spells: 5/5 levels left

rFire   . .          .
                       - Unarmed
rCold   . . .        (no shield)
rNeg    . . .        a - +0 animal skin
rPois   .            (helmet restricted)
rElec   .            (no cloak)
rCorr   .            (gloves unavailable)
SInv    .            (boots unavailable)
Will    .....        (no amulet)
Stlth   +            (no ring)
HPRegen 1.12/turn    (no ring)
MPRegen 0.09/turn

%: no teleportation
@: corroded
A: large, unfitting armour, claws 3, regeneration 1, shaggy fur 1, tough skin 1
a: Renounce Religion, Berserk, Trog's Hand


You were in the Dungeon.
You worshipped Trog.
Trog was most pleased with you.
You visited 1 branch You collected 96 gold pieces.

Inventory:

Armour
 a - a +0 animal skin (worn)
Jewellery
 h - the amulet of invisibility {+Inv}
   (You found it in the Dungeon)

   [amulet of nothing]

   +Inv:      It lets you turn invisible.
Scrolls
 g - a scroll of blinking
Potions
 b - a potion of curing
 c - a potion of heal wounds
 d - a potion of haste
 e - 2 potions of magic
 f - a potion of berserk rage


   Skills:
 + Level 7.7 Fighting
 + Level 7.6 Dodging
 + Level 9.1 Unarmed Combat


You had 5 spell levels left.
You didn't know any spells.
Your spell library was empty.

Dungeon Overview and Level Annotations

Branches:
Dungeon (1/1)

Altars:
Cheibriados
Gozag
Hepliaklqana
Makhleb
Nemelex Xobeh
Ru
Sif Muna
Trog
Wu Jian
Xom
Yredelemnul
Jiyva

Annotations:
D exclusions: oklob plant and oklob sapling


Innate Abilities, Weirdness & Mutations

You are too large for most types of armour.
You have claws for hands.
Your natural rate of healing is unusually fast.
You are covered in fur. (AC +1)
You have tough skin. (AC +1)


Message History

Trog accepts your kill.
Your Unarmed Combat skill increases to level 9!
You barely miss the killer bee.
You feel sick. The killer bee stings you. The killer bee closely misses you.
You mangle the killer bee!!
You kill the killer bee!
Trog accepts your kill.
You feel sick.
You feel sick.
You see here a killer bee corpse.
You start resting.
You feel a strong urge to attack something.
You are no longer berserk.
You are exhausted.
You feel yourself slow down.
You start resting.
You feel sick. x3
You are no longer poisoned.
You start resting.
HP restored.
You start waiting.
You feel yourself speed up.
You start waiting.
You recover from your berserk rage.
You open the door.
Found 2 stones.
An oklob plant comes into view.
Found a scroll labelled JIANKO XIONO.
The oklob plant spits acid at you. The splash of acid hits you!!
The acid corrodes you!
Marking area around an oklob plant as unsafe for travelling.
There is an open door here.
The oklob plant spits acid at you. The splash of acid hits you!!
* * * LOW HITPOINT WARNING * * *
You see here a scroll labelled JIANKO XIONO.
You claw the oklob plant! x2
The oklob plant is heavily damaged.
The oklob plant spits acid at you. The splash of acid hits you!!
You die...

#<..P#.....#.....#
#PP..'.(...'.#...'
#PPPP#.....#.#...#
###############'##
#...♣.......††...#
#......♣.....#...#
#.....♣..♣..######
##'####+##### #@.#
#P(# ####


You could see an oklob plant.

Vanquished Creatures
  A queen bee (D)
  A scorpion (D)
  4 killer bees (D)
  2 oklob saplings (D)
  A river rat (D)
  A rat (D)
10 creatures vanquished.

Notes
Turn   | Place    | Note
-------+----------+-------------------------------------------
     0 | D        | sircluck the Troll Berserker began the quest for the Orb.
     0 | D        | Reached XP level 1. HP: 22/22 MP: 0/0
    11 | D        | Reached XP level 2. HP: 31/31 MP: 1/1
    16 | D        | Noticed an oklob sapling
    19 | D        | Killed an oklob sapling
    19 | D        | Reached ** piety under Trog
    20 | D        | Reached skill level 4 in Unarmed Combat
    20 | D        | Reached XP level 3. HP: 39/39 MP: 2/2
    21 | D        | Noticed a scorpion
    21 | D        | Found the amulet of invisibility {+Inv}
    23 | D        | Killed a scorpion
    24 | D        | Reached skill level 5 in Unarmed Combat
    24 | D        | Reached XP level 4. HP: 49/49 MP: 3/3
    46 | D        | Reached skill level 5 in Fighting
    46 | D        | Reached skill level 5 in Dodging
    46 | D        | Reached skill level 6 in Unarmed Combat
    67 | D        | Noticed a queen bee
    79 | D        | Found an opulent altar of Gozag.
    79 | D        | Found a hazy altar of Hepliaklqana.
    79 | D        | Found a burning altar of Makhleb.
    79 | D        | Found a sparkling altar of Nemelex Xobeh.
    79 | D        | Found a snail-covered altar of Cheibriados.
    79 | D        | Found a sacrificial altar of Ru.
    79 | D        | Found a shimmering blue altar of Sif Muna.
    79 | D        | Found a shimmering altar of Xom.
    79 | D        | Found a basalt altar of Yredelemnul.
    80 | D        | Found a viscous altar of Jiyva.
    80 | D        | Found a bloodstained altar of Trog.
    80 | D        | Found an ornate altar of the Wu Jian Council.
   109 | D        | Killed a queen bee
   110 | D        | Reached skill level 8 in Unarmed Combat
   110 | D        | Reached XP level 5. HP: 61/61 MP: 4/4
   110 | D        | Reached XP level 6. HP: 68/68 MP: 5/5
   110 | D        | Reached *** piety under Trog
   116 | D        | Reached skill level 9 in Unarmed Combat
   165 | D        | Noticed an oklob plant
   167 | D        | Killed from afar by an oklob plant

Illustrated notes

Levels and vault maps discovered:
D:        dungeon_sprint_fedhas [sprint_temple]

Skill      XL: |  1  2  3  4  5  6 |
---------------+-------------------+-----
Fighting       | 3 4 6 7 |  7.7
Dodging        | 3 4 6 7 |  7.6
Unarmed Combat | 4 5 8 9 |  9.1

Action                     |  1- 3 |  4- 6 || total
---------------------------+-------+-------++-------
  Melee: Unarmed           |    10 |    18 ||    28
         Punch             |     1 |     1 ||     2
 Invoke: Berserk           |       |     1 ||     1
 Armour: Animal skin       |     1 |    12 ||    13
  Dodge: Dodged            |     4 |     1 ||     5

Table legend: (Time is in decaauts)
 A = Elapsed time spent in this place.
 B = Non-inter-level travel time spent in this place.
 C = Inter-level travel time spent in this place.
 D = Time resting spent in this place.
 E = Time spent auto-exploring this place.
 F = Levels seen in this place.
 G = Mean time per level.
                   A        B        C        D        E       F      G
               +--------+--------+--------+--------+--------+-----+--------+
         Total |    170 |    170 |      0 |     65 |     21 |   1 |  170.0 |
       Dungeon |    170 |    170 |      0 |     65 |     21 |   1 |  170.0 |
               +--------+--------+--------+--------+--------+-----+--------+

Top non-repeatable levels by time:
       D: 170 daAuts
